 Dungeon Sprint DCSS version 0.27-a0-592-g0306a34022 (webtiles) character file.

Game seed: 14891707582917709031

4352 rocky1 the Earth Mage (level 10, -10/63 HPs)
             Began as a Deep Elf Earth Elementalist on Mar 11, 2021.
             Was a High Priest of Sif Muna.
             Killed from afar by a merfolk aquamancer (34 damage)
             ... with a torrent of water
             ... in the Dungeon (Sprint VII: "The Pits").
             The game lasted 00:08:57 (1635 turns).

rocky1 the Earth Mage (Deep Elf Earth Elementalist) Turns: 1635, Time: 00:08:58

Health: -10/63     AC:  4    Str:  5    XL:     10   Next: 12%
Magic:  12/28      EV: 17    Int: 24    God:    Sif Muna [*****.]
Gold:   0          SH:  0    Dex: 15    Spells: 7/33 levels left

rFire    . . .     SeeInvis .   t - +4 quarterstaff (speed)
rCold    . . .     Faith    .   (shield currently unavailable)
rNeg     . . .     Spirit   .   c - +0 robe
rPois    .         Reflect  .   (no helmet)
rElec    .         Harm     .   r - +0 cloak
rCorr    .         Rampage  .   (no gloves)
Will     +....     NoTele   +   s - +0 pair of boots
Stlth    ++........             (no amulet)
HPRegen  0.20/turn              (no ring)
MPRegen  0.21/turn              (no ring)

@: no status effects
A: no striking features
a: Renounce Religion, Channel Magic, Forget Spell, Divine Exegesis


You were in the Dungeon.
You worshipped Sif Muna.
Sif Muna was extremely pleased with you.
You visited 1 branch

Inventory:

Hand Weapons
 l - a +1 long sword of flaming
 m - a +2 scimitar of holy wrath
 n - a +2 dagger of electrocution
 t - a +4 quarterstaff of speed (weapon)
Missiles
 b - 16 stones
Armour
 c - a +0 robe (worn)
 r - a +0 cloak (worn)
 s - a +0 pair of boots (worn)
Jewellery
 o - a +3 ring of dexterity
 p - a +3 ring of evasion
Scrolls
 j - 5 scrolls of amnesia
 k - a scroll of summoning
Potions
 a - 2 potions of invisibility
 d - 11 potions of curing
 e - 5 potions of heal wounds
 f - 2 potions of haste
 g - 4 potions of magic
 h - 4 potions of berserk rage
 q - a potion of might


   Skills:
 + Level 7.6 Fighting
 + Level 11.0 Dodging
 - Level 2.4 Stealth
 + Level 12.0 Spellcasting
 + Level 3.6 Conjurations
 + Level 3.9 Transmutations
 + Level 3.8 Fire Magic
 + Level 15.8 Earth Magic
 - Level 9.1 Invocations


You had 7 spell levels left.
You knew the following spells:

 Your Spells              Type           Power      Damage    Failure   Level
a - Sandblast             Erth           100%       2d20      0%          1
b - Stone Arrow           Conj/Erth      100%       3d13      1%          3
c - Lee's Rapid Deconstr  Erth           37%        3d19*     1%          5
d - Statue Form           Tmut/Erth      38%        N/A       12%         6
e - Bolt of Magma         Conj/Fire/Erth 25%        4d12      4%          5
f - Iron Shot             Conj/Erth      28%        9d6       12%         6

Your spell library contained the following spells:

 Spells                   Type           Power      Damage    Failure   Level
 Passwall                 Tmut/Erth      48%        N/A       1%          2
 Animate Armour           Summ/Erth      100%       N/A       1%          4
 Leda's Liquefaction      Hex/Erth       25%        N/A       1%          4
 Petrify                  Tmut/Erth      58%        N/A       1%          4
 Lesser Beckoning         Tloc           7%         N/A       13%         3
 Teleport Other           Tloc           14%        N/A       13%         3
 Manifold Assault         Tloc           14%        N/A       38%         4
 Dispersal                Tloc           7%         N/A       100%        6
 Shatter                  Erth           37%        3d29*     100%        9


Dungeon Overview and Level Annotations

Branches:
Dungeon (1/1)

Altars:
Ashenzari
Cheibriados
Dithmenos
Elyvilon
Fedhas
Gozag
Hepliaklqana
Kikubaaqudgha
Makhleb
Nemelex Xobeh
Okawaru
Qazlal
Ru
Sif Muna
Trog
Uskayaw
Vehumet
Wu Jian
Xom
Yredelemnul
Zin
The Shining One
Beogh
Jiyva
Lugonu


Message History

The merfolk aquamancer gestures at you while chanting.
The torrent of water misses you.
The wave splashes down.
You hear a bleat! x2; You hear a roar!
Unknown command.
Casting: Lee's Rapid Deconstruction (dangerous; 1% risk of failure)
Confirm with . or Enter, or press ? or * to list all spells.
Aiming: Lee's Rapid Deconstruction (dangerous; 1% risk of failure)
Press: ? - help, Dir - move target A metal wall.
The metal wall shatters!
The blast of metal fragments hits the water elemental!!
You destroy the water elemental!
Sif Muna accepts your kill.
The blast of metal fragments hits the merfolk!!
The merfolk is severely wounded.
The merfolk aquamancer points at you and mumbles some strange words.
The ball of steam hits you!!
* * * LOW HITPOINT WARNING * * *
Your Spellcasting skill increases to level 12!
You feel much better.
You are engulfed in a cloud of scalding steam.
You feel less invigorated.
Unknown command.
Casting: Lee's Rapid Deconstruction (dangerous; 1% risk of failure)
Confirm with . or Enter, or press ? or * to list all spells.
Aiming: Lee's Rapid Deconstruction (dangerous; 1% risk of failure)
Press: ? - help, Dir - move target A metal wall.
The metal wall shatters!
The blast of metal fragments hits the redback!!!
You kill the redback!
Sif Muna accepts your kill.
The blast of metal fragments hits the merfolk!!!
You kill the merfolk!
Sif Muna accepts your kill.
You are engulfed in a cloud of scalding steam.
The merfolk aquamancer gestures at you while chanting.
The torrent of water hits you!!
Ouch! That really hurt!
You die...

.......##..+)..#........
.......##..#...#........
.......##..#...#.#####..
#########..#####.+ .
#########........#
..#...[##.....)..#
..#...[###+###≈≈.# .
..'..))# +§≈§#+###...
..#..))# #§§@§†.)....
..#..).# #...:§m....†
######## ############


You could see a merfolk aquamancer.

Vanquished Creatures
  Harold (D)
  A boulder beetle (D)
  A deep troll (D)
  An orange demon (D)
  A red devil (D)
  2 merfolk (D)
  A tyrant leech (D)
  A flying skull (D)
  A ynoxinul (D)
  2 water elementals (D)
  2 redbacks (D)
  A basilisk (D)
  2 ice beasts (D)
  A centaur (D)
  2 necrophages (D)
  A kobold brigand (D)
  A scorpion (D)
  A crimson imp (D)
  2 quasits (D)
  2 iguanas (D)
  An adder (D)
  A white imp (D)
  3 oozes (D)
  A leopard gecko (D)
  An orc (D)
  A bat skeleton (D)
  A giant cockroach (D)
  A goblin (D)
  A kobold (D)
  A frilled lizard (D)
  A jackal zombie (D)
40 creatures vanquished.

Notes
Turn   | Place    | Note
-------+----------+-------------------------------------------
     0 | D        | rocky1 the Deep Elf Earth Elementalist began the quest for
                  | the Orb.
     0 | D        | Reached XP level 1. HP: 10/10 MP: 6/6
    19 | D        | Reached skill level 4 in Earth Magic
    46 | D        | Found a bloodstained altar of Trog.
    46 | D        | Found a shimmering blue altar of Sif Muna.
    46 | D        | Found a viscous altar of Jiyva.
    46 | D        | Found a hazy altar of Hepliaklqana.
    46 | D        | Found an opulent altar of Gozag.
    47 | D        | Found a glowing golden altar of the Shining One.
    47 | D        | Found a glowing silver altar of Zin.
    47 | D        | Found a basalt altar of Yredelemnul.
    47 | D        | Found a shimmering altar of Xom.
    47 | D        | Found an ornate altar of the Wu Jian Council.
    47 | D        | Found a sacrificial altar of Ru.
    47 | D        | Found a stormy altar of Qazlal.
    47 | D        | Found an iron altar of Okawaru.
    47 | D        | Found a sparkling altar of Nemelex Xobeh.
    47 | D        | Found a burning altar of Makhleb.
    47 | D        | Found a blossoming altar of Fedhas.
    47 | D        | Found a white marble altar of Elyvilon.
    47 | D        | Found a shadowy altar of Dithmenos.
    47 | D        | Found a snail-covered altar of Cheibriados.
    49 | D        | Found a radiant altar of Vehumet.
    49 | D        | Found a corrupted altar of Lugonu.
    50 | D        | Found a hide-covered altar of Uskayaw.
    50 | D        | Found an ancient bone altar of Kikubaaqudgha.
    50 | D        | Found a broken altar of Ashenzari.
    52 | D        | Became a worshipper of Sif Muna the Loreminder
   141 | D        | Reached skill level 5 in Earth Magic
   163 | D        | Reached * piety under Sif Muna
   164 | D        | Reached XP level 2. HP: 15/15 MP: 6/8
   197 | D        | Noticed a kobold brigand
   201 | D        | Reached ** piety under Sif Muna
   202 | D        | Reached skill level 6 in Earth Magic
   213 | D        | Killed a kobold brigand
   214 | D        | Reached skill level 9 in Earth Magic
   214 | D        | Reached XP level 3. HP: 13/19 MP: 1/9
   214 | D        | Reached XP level 4. HP: 17/24 MP: 1/10
   363 | D        | Learned a level 3 spell: Stone Arrow
   371 | D        | Noticed a necrophage
   371 | D        | Noticed a necrophage
   379 | D        | Killed a necrophage
   380 | D        | Reached skill level 11 in Earth Magic
   380 | D        | Reached XP level 5. HP: 28/28 MP: 8/11
   409 | D        | Learned a level 5 spell: Lee's Rapid Deconstruction
   420 | D        | Killed a necrophage
   420 | D        | Reached *** piety under Sif Muna
   421 | D        | Reached skill level 13 in Earth Magic
   455 | D        | Reached skill level 1 in Fighting
   455 | D        | Reached skill level 1 in Invocations
   455 | D        | Reached XP level 6. HP: 34/34 MP: 9/13
   455 | D        | Noticed an ice beast
   459 | D        | Killed an ice beast
   459 | D        | Reached **** piety under Sif Muna
   646 | D        | Reached skill level 5 in Spellcasting
   648 | D        | Noticed an ice beast
   649 | D        | Killed an ice beast
   650 | D        | Reached skill level 5 in Dodging
   695 | D        | Reached ***** piety under Sif Muna
   696 | D        | Reached XP level 7. HP: 41/41 MP: 11/18
   745 | D        | Noticed a tyrant leech
   745 | D        | Noticed Harold
   750 | D        | Killed a tyrant leech
   750 | D        | Identified Sif Muna's Guide on Dislocated Fire (Sif Muna
                  | gifted it to you in the Dungeon)
   750 | D        | Received a gift from Sif Muna
   751 | D        | Reached skill level 14 in Earth Magic
   751 | D        | Reached skill level 5 in Invocations
   756 | D        | Killed Harold
   757 | D        | Reached skill level 5 in Fighting
   757 | D        | Reached XP level 8. HP: 50/50 MP: 8/23
   992 | D        | Noticed a deep troll
   999 | D        | Killed a deep troll
  1000 | D        | Reached skill level 10 in Spellcasting
  1000 | D        | Reached XP level 9. HP: 55/55 MP: 13/25
  1006 | D        | Reached skill level 15 in Earth Magic
  1098 | D        | Noticed a boulder beetle
  1100 | D        | Received a gift from Sif Muna
  1288 | D        | Killed a boulder beetle
  1289 | D        | Reached skill level 10 in Dodging
  1545 | D        | Learned a level 6 spell: Statue Form
  1551 | D        | Learned a level 5 spell: Bolt of Magma
  1558 | D        | Learned a level 6 spell: Iron Shot
  1561 | D        | Noticed a red devil
  1564 | D        | Killed a red devil
  1565 | D        | Reached skill level 1 in Conjurations
  1565 | D        | Reached skill level 1 in Fire Magic
  1625 | D        | Noticed an orange demon
  1627 | D        | Noticed a merfolk aquamancer
  1627 | D        | Noticed a merfolk
  1628 | D        | Killed an orange demon
  1629 | D        | Identified Sif Muna's Reference Book on Changing and
                  | Conjuration (Sif Muna gifted it to you in the Dungeon)
  1629 | D        | Received a gift from Sif Muna
  1629 | D        | Killed a merfolk
  1630 | D        | Reached XP level 10. HP: 63/63 MP: 6/27
  1635 | D        | Killed from afar by a merfolk aquamancer

Illustrated notes

Levels and vault maps discovered:
D:        pitsprint [storerooms_1, entrance_room_1, metal_vault_8, armoury_1,
          mini_pit_1, grid_room_1, main_hall_1, silver_pit, the_coven_3,
          the_vestibule_1, steel_vault_4, golden_pit, hallway_of_sentries,
          crystal_vault_2, iron_vault_3, final_vault]

Skill      XL: |  1  2  3  4  5  6  7  8  9 10 |
---------------+-------------------------------+-----
Earth Magic    | 5 9 11 13 14 15 | 15.8
Fighting       | 1 3 5 6 7 |  7.6
Dodging        | 3 5 8 9 11 | 11.0
Invocations    | 1 4 7 8 9 |  9.1
Spellcasting   | 6 9 10 11 12 | 12.0
Conjurations   | 3 |  3.6
Fire Magic     | 3 |  3.8
Transmutations | 3 |  3.9
Stealth        | |  2.4

Action                   |  1- 3 |  4- 6 |  7- 9 | 10-12 || total
-------------------------+-------+-------+-------+-------++-------
Melee: Unarmed           |     2 |       |       |       ||     2
       Quarterstaff      |     1 |     1 |       |       ||     2
 Cast: Sandblast         |    15 |     8 |     1 |       ||    24
       Lee's Rapid Decon |       |     3 |    25 |     3 ||    31
Invok: Channel Magic     |       |       |     2 |     1 ||     3
  Use: Scroll            |       |       |     1 |       ||     1
       Potion            |       |       |       |     1 ||     1
Armor: Robe              |       |     4 |       |       ||     4
Dodge: Dodged            |     4 |     3 |     1 |     1 ||     9

Table legend: (Time is in decaauts)
 A = Elapsed time spent in this place.
 B = Non-inter-level travel time spent in this place.
 C = Inter-level travel time spent in this place.
 D = Time resting spent in this place.
 E = Time spent auto-exploring this place.
 F = Levels seen in this place.
 G = Mean time per level.
                   A        B        C        D        E       F      G
               +--------+--------+--------+--------+--------+-----+--------+
         Total |   1633 |   1593 |     40 |   1115 |      0 |   1 | 1633.0 |
       Dungeon |   1633 |   1593 |     40 |   1115 |      0 |   1 | 1633.0 |
               +--------+--------+--------+--------+--------+-----+--------+

Top non-repeatable levels by time:
       D: 1633 daAuts
